 Dungeon Crawl Stone Soup version 0.31-a0-986-g5e6e4ef867 (webtiles) character file.

Game seed: 11538488338353242574

126 Maratek the Covered (level 4, -1/36 HPs)
             Began as a Demonspawn Fighter on Nov 3, 2023.
             Slain by a gnoll
             ... wielding a +0 spear
             ... led by a gnoll bouda
              (3 damage)
             ... on level 4 of the Dungeon.
             The game lasted 00:02:40 (2403 turns).

Maratek the Covered (Demonspawn Fighter)            Turns: 2403, Time: 00:02:41

Health: -1/36      AC:  9    Str: 18    XL:     4   Next: 84%
Magic:  4/4        EV:  9    Int:  9    God:
Gold:   98         SH:  4    Dex: 13    Spells: 3/3 levels left

rFire   . . .        a - +0 trident
rCold   . . .        c - +0 buckler
rNeg    . . .        b - +0 scale mail
rPois   .            (helmet restricted)
rElec   .            (no cloak)
rCorr   .            m - +1 pair of gloves
SInv    .            (no boots)
Will    .....        (no amulet) Stlth
                     (no ring)
HPRegen 0.26/turn    (no ring)
MPRegen 0.18/turn

%: no passive effects
@: no status effects
A: horns 2, magic regeneration
a: no special abilities


You were on level 4 of the Dungeon.
You visited 1 branch of the dungeon, and saw 4 of its levels.

You collected 98 gold pieces.

Inventory:

Hand Weapons
 a - a +0 trident (weapon)
Armour
 b - a +0 scale mail (worn)
 c - a +0 buckler (worn)
 m - a +1 pair of gloves (worn)
Jewellery
 j - a ring of wizardry
Scrolls
 i - a scroll of immolation
Potions
 d - 4 potions of might
 f - 2 potions of heal wounds {unknown}
 k - a potion of lignification {unknown}


   Skills:
 + Level 3.6 Fighting
 + Level 2.6 Polearms
 + Level 3.7 Armour
 + Level 0.3 Dodging
 + Level 0.1 Stealth
 + Level 3.3 Shields


You had 3 spell levels left.
You didn't know any spells.
Your spell library contained the following spells:

 Spells                   Type           Power      Damage    Failure   Level
 Blink                    Tloc           0%         N/A       94%         2
 Lesser Beckoning         Tloc           0%         N/A       94%         2
 Momentum Strike          Conj/Tloc      0%         3d8       94%         2


Dungeon Overview and Level Annotations

Branches:
Dungeon (4/15)
 Temple: D:4-7

Altars:
Nemelex Xobeh
Ru


Innate Abilities, Weirdness & Mutations

You have a pair of horns on your head.
You regenerate magic rapidly.


Message History

The gnoll is no longer moving quickly.
The gnoll bouda barks out a call to the hunt!
The gnoll picks up the pace!
The gnoll is no longer moving quickly.
Your attacks no longer feel as feeble.
The gnoll bouda barks out a call to the hunt!
The dart slug launches a dart at you.
The slug dart hits you but does no damage.
The gnoll is no longer moving quickly.
The gnoll bouda prays to its god.
The gnoll bouda is healed somewhat.
The gnoll bouda barks out a call to the hunt!
The gnoll picks up the pace!
You hit the dart slug.
The dart slug is lightly wounded.
You hit the dart slug.
The dart slug is heavily wounded.
The dart slug bites you.
You hit the dart slug. You headbutt the dart slug.
You kill the dart slug!
You barely miss the gnoll.
The gnoll hits you but does no damage. x2
The gnoll closely misses you.
You closely miss the gnoll. The gnoll hits you but does no damage.
The gnoll closely misses you. You block the gnoll's attack.
You hit the gnoll bouda but do no damage.
You headbutt the gnoll bouda!
The gnoll bouda is almost dead.
The gnoll hits you from afar with a +0 spear.
* * * LOW HITPOINT WARNING * * *
The gnoll hits you from afar with a +0 spear.
* * * LOW HITPOINT WARNING * * *
You block the gnoll's attack.
You barely miss the gnoll bouda.
The gnoll bouda is almost dead.
The gnoll is no longer moving quickly.
The gnoll bouda hits you with a +0 club.
* * * LOW HITPOINT WARNING * * *
The gnoll hits you but does no damage.
The gnoll hits you from afar with a +0 spear.
You die...

### #<# ###.###########
#.............#
#.#.#########.#
####.#.#####...#.#
.....#.......#.#@#
#....#########†#g#######
'....'.......†.ggg......
#....#####..####.#######
#....# #.## #.# #....#
##.# #.# ######
##..##..†......# #
#..###.##.####.# #
####.## # #.#


You could see a gnoll bouda and 3 gnolls.

Vanquished Creatures
  4 adders
  4 dart slugs
  6 orcs (D:3)
  4 bats
  4 endoplasms
  A giant cockroach (D:1)
  8 hobgoblins
  7 kobolds
  4 quokkas
  8 ball pythons
  4 frilled lizards
  13 goblins
  3 rats
70 creatures vanquished.

Notes
Turn   | Place    | Note
-------+----------+-------------------------------------------
     0 | D:1      | Maratek the Demonspawn Fighter began the quest for the Orb.
     0 | D:1      | Reached XP level 1. HP: 18/18 MP: 1/1
   198 | D:1      | Gained mutation: You have a pair of small horns on your
                  | head. [demonic ancestry]
   198 | D:1      | Reached XP level 2. HP: 24/24 MP: 2/2
   959 | D:2      | Gained mutation: You have a pair of horns on your head.
                  | [demonic ancestry]
   959 | D:2      | Reached XP level 3. HP: 29/29 MP: 3/3
  1560 | D:3      | Found a sacrificial altar of Ru.
  1569 | D:3      | Gained mutation: You regenerate magic rapidly. [demonic
                  | ancestry]
  1569 | D:3      | Reached XP level 4. HP: 35/35 MP: 4/4
  1607 | D:3      | Found a sparkling altar of Nemelex Xobeh.
  2403 | D:4      | Slain by a gnoll

Illustrated notes

Levels and vault maps discovered:
D:1:      shiori_arrival_maze, layout_basic
D:2:      layout_loops_ring
D:3:      cheibrodos_greedy_goblins, layout_loops_ring,
          mainiacjoe_overflow_catch_the_wave
D:4:      layout_basic, mainiacjoe_overflow_two_lobes,
          minmay_temple_entry_mini_moons, uniq_natasha

Skill      XL: |  1  2 |
---------------+-------+-----
Armour         | 3 |  3.7
Shields        | 3 |  3.3
Polearms       | 2 |  2.6
Fighting       | |  3.6
Dodging        | |  0.3
Stealth        | |  0.1

Action                     |  1- 3 |  4- 6 || total
---------------------------+-------+-------++-------
  Melee: Trident           |   121 |    98 ||   219
         Headbutt          |    14 |    12 ||    26
    Use: Scroll            |       |     5 ||     5
 Armour: Scale mail        |    71 |    64 ||   135
  Dodge: Dodged            |    35 |    44 ||    79
  Block: Buckler           |    21 |    27 ||    48

Table legend: (Time is in decaauts)
 A = Elapsed time spent in this place.
 B = Non-inter-level travel time spent in this place.
 C = Inter-level travel time spent in this place.
 D = Time resting spent in this place.
 E = Time spent auto-exploring this place.
 F = Levels seen in this place.
 G = Mean time per level.
                   A        B        C        D        E       F      G
               +--------+--------+--------+--------+--------+-----+--------+
         Total |   2451 |   2369 |     82 |      0 |   1918 |   4 |  612.8 |
       Dungeon |   2451 |   2369 |     82 |      0 |   1918 |   4 |  612.8 |
               +--------+--------+--------+--------+--------+-----+--------+

Top non-repeatable levels by time:
     D:3: 886 daAuts
     D:1: 766 daAuts
     D:2: 662 daAuts
     D:4: 135 daAuts
